Frizzbo, chaotic female sylph Rogue --------------------------------- |............%..................| | ---- ----- ----|--..----- | |..|..| |..|.a| -----a| |E- |... -..- ..+ ..| --.- . .. .. .. --- Frizzbo the Rogue Experience level: 7 Strength: 16 Dexterity: 20 Constitution: 11 Intelligence: 12 Wisdom: 10 Charisma: 8 Health: 0(54) Energy: 39(39) Def: 1 Gold: 53 Moves: 5649 Dungeon seed: IwxH8n020ufLSDUd Game ID: Frizzbo_1467292663 Your Inventory: Coins $ - 53 gold pieces Amulets S - an uncursed amulet of reflection (being worn) Weapons v - 28 uncursed poisoned +0 darts H - 10 uncursed +0 daggers (in quiver) P - 2 uncursed +0 elven daggers (wielded) Armor r - an uncursed +0 pair of jumping boots y - an uncursed +0 cloak of invisibility (being worn) z - an uncursed +0 mummy wrapping Comestibles j - a cursed eucalyptus leaf m - 4 cursed food rations A - 2 uncursed sprigs of wolfsbane K - an uncursed cram ration Q - 2 uncursed slime molds X - 2 uncursed tripe rations Potions U - a cursed potion of gain energy Rings i - a cursed ring of stealth R - an uncursed ring of free action V - an uncursed ring of invisibility W - a cursed ring of slow digestion Wands h - an uncursed wand of opening (0:3) u - an uncursed wand of fire (0:3) C - an uncursed wand of enlightenment (0:11) Y - a cursed wand of secret door detection (0:10) Tools f - an uncursed skeleton key g - an uncursed blindfold l - 2 uncursed partly used wax candles (lit) (0:350) s - an uncursed sack E - 17 cursed partly used tallow candles (lit) (0:150) M - an uncursed wooden flute Z - 2 uncursed partly used tallow candles (lit) (0:150) Gems e - 4 uncursed worthless pieces of orange glass k - an uncursed worthless piece of blue glass n - 2 uncursed worthless pieces of black glass q - an uncursed chrysoberyl stone B - an uncursed fluorite stone F - an uncursed touchstone N - an uncursed worthless piece of white glass Contents of the sack: 532 gold pieces an uncursed scroll of blank paper an uncursed scroll of earth 2 uncursed scrolls of enchant weapon an uncursed scroll of genocide an uncursed scroll of identify a cursed scroll of identify a cursed scroll of light 2 uncursed scrolls of remove curse an uncursed scroll of teleportation a cursed scroll of teleportation an uncursed potion of enlightenment an uncursed potion of gain ability a blessed potion of invisibility an uncursed potion of levitation an uncursed potion of paralysis 2 uncursed potions of sickness Spells and supernatural/magical abilities: Name Level Category Fail Memory w - wizard lock 2 matter 98% 97% B - cure blindness 2 healing 40% 97% W - pray for help -- divine ? -- Your skills at the end: Miscellaneous Skills wands [Basic] Weapon Skills dagger [Basic] short sword [Basic] Spellcasting Skills healing spells [Basic] Final Attributes: You were piously aligned. You saw invisible. You had infravision. You were invisible to others. You were stealthy. You were protected from shape changers. You had reflection. You are dead. Vanquished creatures: a ghost a tengu a crocodile a giant beetle a leprechaun an iron piercer a gnome king a dog a dust vortex a plains centaur a pony a yellow light 6 gnome lords a gnomish wizard a kobold mummy a black naga hatchling 3 giant ants 7 dwarves a kobold lord an iguana a hill orc 3 rothes a giant bat a werejackal a coyote 2 gas spores 3 hobbits a large kobold 5 geckos a cave spider a brown mold 2 yellow molds 2 red molds 23 gnomes 2 manes 4 jackals 7 newts a goblin 3 sewer rats 9 grid bugs 3 bats 3 lichens 2 kobold zombies 114 creatures vanquished. Voluntary challenges: You were vegetarian. You used a wielded weapon 79 times, starting on turn 492. You did not apply a unicorn horn. You read items or engraved 11 times, starting on turn 714. You never genocided any monsters. You never polymorphed an object. You never changed form. You used no wishes. You never split a pudding. You never wrote Elbereth's name. You never violated your personal moral code. Dungeon overview: The Dungeons of Doom: levels 1 to 4 Level 1 a long staircase Level 2 a general store, an altar to Issek Level 3 an altar to Issek, a fountain Level 4 an altar to Issek, a fountain stairs to The Gnomish Mines The Gnomish Mines: levels 5 to 8 Level 5 stairs to The Dungeons of Doom Level 6 Level 7 Level 8 <- You were here History has recorded: On T:1 you entered the Dungeons of Doom to retrieve the Amulet of Yendor! On T:685 you reached level 2 of The Dungeons of Doom. On T:963 you advanced to experience level 2. On T:2453 you advanced to experience level 3. On T:2609 you reached level 3 of The Dungeons of Doom. On T:3036 you advanced to experience level 4. On T:3134 you reached level 4 of The Dungeons of Doom. On T:3697 you reached level 1 of The Gnomish Mines. On T:3743 you advanced to experience level 5. On T:4419 you reached level 2 of The Gnomish Mines. On T:4444 you advanced to experience level 6. On T:4807 you reached level 3 of The Gnomish Mines. On T:5187 you advanced to experience level 7. On T:5625 you reached level 4 of The Gnomish Mines. Score breakdown: Gold: 585 ( 58 points) Experience: 7 levels ( 600 points) Exploration: 8 levels ( 210 points) Discoveries: 12 items ( 600 points) Variety of kills: 43 monsters ( 2000 points) Major goal: (nothing yet) ( 0 points) Survival: died (score multiplied by 3) Total score: 10404 Latest messages: You throw 2 daggers. The 1st dagger hits something! You kill the hill orc! H - 4 uncursed +0 daggers (in quiver). $ - 32 gold pieces. There are many more objects here. You are beginning to feel hungry. H - an uncursed +0 dagger (in quiver). You stop exploring. A trap door opens up under you! The door opens. You stab the fire ant. The fire ant bumps right into you! You stab the fire ant. The fire ant bites! (2x) You're on fire! Your swirly potion boils and explodes! Something seems to be holding you. Your yellow potion boils and explodes! (You can name a yellow potion from the item naming menu.) The fire ant bites! (6x) You're on fire! The fire ant bites! (4x) You're on fire! You die... Final status: Goodbye Frizzbo the Rogue, killed by a fire ant, while frozen by potion vapours... You died in The Gnomish Mines on dungeon level 8 with 10404 points, and 585 pieces of gold, after 5649 moves. You were level 7 with a maximum of 54 hit points when you died.